 Dungeon Crawl Stone Soup version 0.31-a0-1134-gb247575874 (webtiles) character file.

Game seed: 14776075096637864442

21 senseless the Conjurer (level 2, 0/18 HPs)
             Began as an Octopode Conjurer on Dec 5, 2023.
             Was a Plaything of Xom.
             Slain by a worm (10 damage)
             ... on level 2 of the Dungeon.
             The game lasted 00:02:49 (1267 turns).

senseless the Conjurer (Octopode Conjurer)          Turns: 1267, Time: 00:02:49

Health: 0/18       AC:  1    Str:  6    XL:     2   Next: 87%
Magic:  1/5        EV: 13    Int: 20    God:    Xom [....*.]
Gold:   88         SH:  0    Dex: 10    Spells: 2/5 levels left

rFire   + . .        e - staff of fire
rCold   + . .        (no shield)
rNeg    . . .        (helmet restricted)
rPois   .            (no amulet)
rElec   .            k - ring of willpower
rCorr   .            b - ring of protection from cold
SInv    .            (no ring)
Will    +....        (no ring)
Stlth   +++          (no ring)
HPRegen 0.23/turn    (no ring)
MPRegen 0.09/turn    (no ring)
                     (no ring)

%: no passive effects
@: no status effects
A: almost no armour, amphibious, 8 rings, camouflage 1, gelatinous body 1,
(nimble swimmer 1), tentacles
a: Renounce Religion


You were on level 2 of the Dungeon.
You worshipped Xom.
You were a beloved toy of Xom.
You visited 1 branch of the dungeon, and saw 2 of its levels.

You collected 88 gold pieces.

Inventory:

Magical Staves
 e - a staff of fire (weapon)
Jewellery
 b - a ring of protection from cold (right tentacle)
 k - a ring of willpower (left tentacle)
Scrolls
 c - a scroll of identify
 d - a scroll of brand weapon
 f - 2 scrolls of teleportation {unknown}
 h - 2 scrolls of revelation {unknown}
 i - 2 scrolls of fog {unknown}
 j - a scroll of blinking {unknown}
Potions
 a - a potion of magic
 g - a potion of mutation {unknown}
 l - 2 potions of heal wounds


   Skills:
 + Level 0.8 Fighting
 + Level 2.2 Dodging
 + Level 3.2 Stealth
 + Level 2.2 Spellcasting
 + Level 4.1 Conjurations


You had 2 spell levels left.
You knew the following spells:

 Your Spells              Type           Power      Damage    Failure   Level
a - Magic Dart            Conj           72%        1d6       2%          1
b - Searing Ray           Conj           36%        2d5       4%          2

Your spell library contained the following spells:

 Spells                   Type           Power      Damage    Failure   Level
 Cigotuvi's Dreadful Rot  Necr/Pois/Air  4%         N/A       24%         2
 Dazzling Flash           Conj/Hex       20%        N/A       21%         3
 Ignite Poison            Fire/Tmut/Pois 3%         N/A       43%         3
 Fulminant Prism          Conj/Hex       5%         3d6       54%         4
 Iskenderun's Mystic Bla  Conj/Tloc      10%        2d4       54%         4
 Freezing Cloud           Conj/Ice/Air   3%         6-21      94%         5


Dungeon Overview and Level Annotations

Branches:
Dungeon (2/15)

Altars:
Xom
Zin

Shops:
D:2 (


Innate Abilities, Weirdness & Mutations

You cannot wear most types of armour.
You are amphibious.
You can wear up to eight rings at the same time.
Your skin changes colour to match your surroundings (Stealth+).
Your rubbery body absorbs attacks. (AC +1, EV +1)
((You are camouflaged when in or above water. (Stealth+)))
You have tentacles for arms and can constrict up to eight enemies at once.


Message History

The bat barely misses you.
The magic dart hits the bat.
You kill the bat!
The magic dart hits the worm.
The worm is lightly wounded.
The magic dart hits the worm.
The worm is heavily wounded.
The magic dart hits the worm.
The worm is heavily wounded.
You are out of magic!
You are out of magic!
As you read the scroll labelled RAHOIQ ORHE, it crumbles to dust.
It is a scroll of identify.
l - 2 potions of heal wounds
As you read the scroll labelled CICSAI ILEREA, it crumbles to dust.
It is a scroll of brand weapon.
You aren't carrying any weapons that can be branded.
You hit the worm. You grab the worm.
The worm is heavily wounded.
You constrict the worm, but do no damage.
The worm barely misses you.
You hit the worm but do no damage. You squeeze the worm.
The worm is severely wounded.
You constrict the worm. The worm misses you.
You hit the worm.
You tentacle-slap the worm, but do no damage.
The worm is severely wounded.
You constrict the worm. You hit the worm.
The worm is almost dead.
You constrict the worm. The worm bites you.
You hit the worm but do no damage.
The worm is almost dead.
You constrict the worm. The worm bites you.
You hit the worm but do no damage.
The worm is almost dead.
You constrict the worm. The worm bites you!
Ouch! That really hurt!
You die... "This toy is broken."

#....#.###
##.# ##......
#.#######
###.#.#.
#.......##
#...###
##.####...
.....
##.###.###.#
#####.
##...........
.
#..##.###.###.
##.#..........
#..@##.###.##
#.#w#.......#
#..#...##.##..
##.#.#.# ..# #
#...#.. ...
.#.#.#. #.#
..#...##. ..
#.#.. .. . .#


You could see a worm.

Vanquished Creatures
  2 worms (D:2)
  A dart slug (D:1)
  2 endoplasms
  A hobgoblin (D:2)
  2 ball pythons (D:1)
  2 bats (D:2)
  A frilled lizard (D:1)
  2 goblins (D:1)
  2 rats
15 creatures vanquished.

Notes
Turn   | Place    | Note
-------+----------+-------------------------------------------
     0 | D:1      | senseless the Octopode Conjurer began the quest for the
                  | Orb.
     0 | D:1      | Reached XP level 1. HP: 11/11 MP: 3/3
   496 | D:1      | Found a faded altar of an unknown god.
   505 | D:1      | Prayed at the altar of an unknown god.
   505 | D:1      | Became a worshipper of Xom the Chaotic
   574 | D:1      | Reached XP level 2. HP: 18/18 MP: 3/5
   811 | D:1      | XOM: silly message
   942 | D:1      | Learned a level 2 spell: Searing Ray
   947 | D:2      | Found Rafarph's Weapon Boutique.
   947 | D:2      | Found a glowing silver altar of Zin.
   947 | D:2      | XOM: 10-stop teleportation journey
  1267 | D:2      | Slain by a worm

Illustrated notes

Levels and vault maps discovered:
D:1:      sevenhm_arrival_forest_fort_large_2, layout_loops_cross,
          ebering_ecumenical_altar_petrified
D:2:      layout_rooms, basic_altar, serial_shops,
          nicolae_shop_bloodbath_and_beyond, serial_corexii_hall,
          chequers_hall_statues_corner_a, corexii_hall_statues_s,
          corexii_hall_statues_x, corexii_hall_statues_deadend,
          corexii_hall_statues_s, chequers_hall_statues_wall_a,
          roderic_serpentine_path, nicolae_concentric_dashed_squares_mild

Skill      XL: |  1  2 |
---------------+-------+-----
Stealth        | 3 |  3.2
Fighting       | |  0.8
Dodging        | |  2.2
Spellcasting   | |  2.2
Conjurations   | |  4.1

Action                     || total
---------------------------++-------
  Melee: Staff             ||    16
         Constrict         ||     5
         Tentacles         ||     3
         Punch             ||     1
   Cast: Magic Dart        ||    36
    Use: Scroll            ||     3
 Armour: Skin              ||     7
  Dodge: Dodged            ||    10

Table legend: (Time is in decaauts)
 A = Elapsed time spent in this place.
 B = Non-inter-level travel time spent in this place.
 C = Inter-level travel time spent in this place.
 D = Time resting spent in this place.
 E = Time spent auto-exploring this place.
 F = Levels seen in this place.
 G = Mean time per level.
                   A        B        C        D        E       F      G
               +--------+--------+--------+--------+--------+-----+--------+
         Total |   1268 |   1198 |     70 |      0 |   1078 |   2 |  634.0 |
       Dungeon |   1268 |   1198 |     70 |      0 |   1078 |   2 |  634.0 |
               +--------+--------+--------+--------+--------+-----+--------+

Top non-repeatable levels by time:
     D:1: 942 daAuts
     D:2: 326 daAuts
